 Dungeon Crawl Stone Soup version 0.24.0-13-gcf9b3192b9 (webtiles) character file.

Game seed: 2889855563011545304, levelgen mode: deterministic

107 Thantalas the Skirmisher (level 4, -2/37 HPs)
             Began as a Demonspawn Chaos Knight on Nov 7, 2019.
             Was a Plaything of Xom.
             Slain by an orc priest
             ... wielding a +0 club
              (5 damage)
             ... on level 3 of the Dungeon.
             The game lasted 00:05:37 (2451 turns).

Thantalas the Skirmisher (Demonspawn Chaos Knight)  Turns: 2451, Time: 00:05:38

Health: -2/37      AC:  7    Str: 14    XL:     4   Next: 57%
Magic:  4/4        EV: 13    Int: 13    God:    Xom [...*..]
Gold:   155        SH:  3    Dex: 12    Spells: 3/3 levels left

rFire    . . .     SeeInvis .     - Unarmed
rCold    . . .     Gourm    .   (no shield)
rNeg     . . .     Faith    .   a - +2 leather armour
rPois    .         Spirit   .   (helmet restricted)
rElec    .         Reflect  +   (no cloak)
rCorr    .         Harm     .   (no gloves)
MR       .....                  (no boots)
Stlth    +.........             p - +3 amulet of reflection
HPRegen  0.12/turn              k - +1 ring of evasion
MPRegen  0.09/turn              (no ring)

@: no status effects
A: antennae 1, thin metallic scales 1
a: Renounce Religion


You were on level 3 of the Dungeon.
You worshipped Xom.
You were a favourite toy of Xom.
You were not hungry.

You visited 1 branch of the dungeon, and saw 3 of its levels.

You collected 155 gold pieces.

Inventory:

Armour
 a - a +2 leather armour (worn)
 g - a +0 cloak
   (You found it on level 3 of the Dungeon)
Jewellery
 k - a +1 ring of evasion (left hand)
   (You found it on level 2 of the Dungeon)
 p - a +3 amulet of reflection (around neck)
   (You found it on level 3 of the Dungeon)
Scrolls
 d - 3 scrolls of amnesia
 i - a scroll of fear
Potions
 b - a potion of heal wounds {unknown}
 f - a potion of cancellation
 j - a potion of agility {unknown}
 m - a potion of flight {unknown}
 o - 2 potions of ambrosia
Comestibles
 c - 4 chunks of flesh
 e - 3 rations {!d}


   Skills:
 + Level 3.7 Fighting
 + Level 2.6 Armour
 + Level 2.1 Dodging
 + Level 3.3 Unarmed Combat


You had 3 spell levels left.
You didn't know any spells.
Your spell library was empty.

Dungeon Overview and Level Annotations

Branches:
Dungeon (3/15)

Altars:
Ashenzari
Dithmenos
Nemelex Xobeh


Innate Abilities, Weirdness & Mutations

You have a pair of small antennae on your head.
You are partially covered in thin metallic scales. (AC +2)


Message History

The orc hits you but does no damage.
You see here a ball python corpse.
You hit the orc. The orc hits you but does no damage.
You hit the orc but do no damage. You block the orc's attack.
You hit the orc. The orc hits you but does no damage.
You hit the orc.
You kill the orc!
The orc priest calls down the wrath of Beogh upon you.
Beogh smites you!
A shower of butterflies erupts from you!
The rat closely misses your butterfly.
Unknown command.
You barely miss the orc. The orc closely misses you.
The orc misses your butterfly.
The orc priest closely misses your butterfly.
You closely miss the orc. You block the orc's attack.
You hit the orc. The orc barely misses you.
You hit the orc.
You kill the orc!
Xom's power touches on you for a moment.
You hear a distant rumble.
Your leather armour prevents you from hitting the rat.
The rat barely misses you.
You hit the rat. The rat barely misses you.
You closely miss the rat. The rat closely misses you.
You hit the rat but do no damage. You punch the rat.
You kill the rat!
The orc priest invokes the aid of Beogh against you.
Beogh smites you!
* * * LOW HITPOINT WARNING * * *
You emit a cloud of colourful smoke!
You are too injured to fight recklessly!
You are too injured to fight recklessly!
The orc priest hits you with a +0 club.
* * * LOW HITPOINT WARNING * * *
Things that are here:
a +0 war axe; a +0 scale mail You hit the orc priest.
You closely miss the orc priest.
The orc priest hits you but does no damage.
You closely miss the orc priest. The orc priest closely misses you.
You completely miss the orc priest.
The orc priest hits you but does no damage.
You hit the orc priest but do no damage.
Xom notices you. Xom watches you with interest.
You are now a favourite toy of Xom.
The orc priest hits you with a +0 club.
You die...
Xom snickers!

...................
####.#...÷........#..
#....................
#.#..###.........8...
#..§†# ##............
####b# ##.###......>
#§# ...# #.......
#b##.#### #.......
#@## #.......
#..§o☼..# #...8...
#.......# #.......
#.......# #..#..#.
#...b!..# #.....#.
#....>..# . #########
. . .


You could see an orc priest.

Vanquished Creatures
  3 adders
  2 oozes
  A worm (D:2)
  A dart slug (D:2)
  A leopard gecko (D:1)
  12 orcs (D:3)
  2 ball pythons (D:3)
  A bat (D:2)
  5 giant cockroaches
  3 goblins
  4 hobgoblins
  6 kobolds
  A quokka (D:3)
  3 frilled lizards
  10 rats
55 creatures vanquished.

Notes
Turn   | Place    | Note
-------+----------+-------------------------------------------
     0 | D:1      | Thantalas the Demonspawn Chaos Knight began the quest for
                  | the Orb.
     0 | D:1      | Reached XP level 1. HP: 18/18 MP: 1/1
   104 | D:1      | Reached skill level 1 in Dodging
   736 | D:1      | XOM: harmless Summ miscast
   868 | D:1      | Gained mutation: You have a pair of small antennae on your
                  | head. [demonic ancestry]
   868 | D:1      | Reached XP level 2. HP: 23/24 MP: 2/2
  1209 | D:2      | Reached XP level 3. HP: 25/29 MP: 3/3
  1491 | D:2      | XOM: summons 1 hostile demon
  1512 | D:2      | Found a sparkling altar of Nemelex Xobeh.
  1513 | D:2      | Found a shadowy altar of Dithmenos.
  1533 | D:2      | XOM: mild Ice miscast
  1557 | D:2      | XOM: divination: magic mapping
  1698 | D:3      | Found a shattered altar of Ashenzari.
  1722 | D:3      | XOM: enchant monster (good)
  1731 | D:3      | Gained mutation: You are partially covered in thin metallic
                  | scales. (AC +2) [demonic ancestry]
  1731 | D:3      | Reached XP level 4. HP: 24/35 MP: 4/4
  1926 | D:3      | XOM: confusion
  1946 | D:3      | XOM: butterfly on damage
  2208 | D:3      | XOM: harmless Summ miscast
  2219 | D:3      | XOM: confusion (+ monsters)
  2437 | D:3      | XOM: butterfly on damage
  2441 | D:3      | XOM: mild Erth miscast
  2445 | D:3      | XOM: smoke on damage
  2451 | D:3      | XOM: medium Conj miscast
  2451 | D:3      | Slain by an orc priest

Levels and vault maps discovered:
D:1:      co_arrival_random_square_maze, layout_basic
D:2:      layout_rooms, gammafunk_temple_overflow_pools
D:3:      layout_rooms, old_standard_altar, first_ration, st_stairs_1,
          okawaru_altar_gauntlet_db

Skill      XL: |  1  2  3  4 |
---------------+-------------+-----
Dodging        | 1 2 |  2.1
Armour         | 2 |  2.6
Unarmed Combat | 3 |  3.3
Fighting       | |  3.7

Action                   |  1- 3 |  4- 6 || total
-------------------------+-------+-------++-------
Melee: Unarmed           |   154 |   144 ||   298
       Punch             |     1 |     2 ||     3
  Use: Scroll            |       |    10 ||    10
       Potion            |       |     2 ||     2
  Eat: Chunk             |     3 |       ||     3
       Ration            |       |     1 ||     1
Armor: Leather armour    |    33 |    29 ||    62
Dodge: Dodged            |    84 |    75 ||   159
Block: Other             |       |     3 ||     3
